Map: Eternal Empire LE

Players

Vindicta

  • Race: Terran Terran
  • Spawn Location: 7:00

Future - Winner!

  • Race: Terran Terran
  • Spawn Location: 1:00

Event: DreamHack SC2 Masters 2020 Summer North America

VOD

Have the link to the VOD?

Description

Time

  • Played on: June 30, 2020, 5:16 p.m.
  • Length: 5:28

All games in this series

Show
View Real Time Build Order
Export as new Build Order

Vindicta Terran 

Build Orders: Gas First Reaper Expand 

Get SALT Encoding   

  12  0:02  SCV  
  13  0:14  SCV  
  13  0:19  Supply Depot  
  14  0:26  SCV  
  15  0:28  Refinery  
  15  0:40  SCV  
  16  0:45  Barracks  
  16  0:53  SCV  
  17  1:05  SCV  
  18  1:17  SCV  
  19  1:32  Orbital Command  
  19  1:33  Reaper  
  20  1:49  Command Center  
  20  2:01  Supply Depot  
  20  2:04  SCV  
  20  2:05  Reaper  
  22  2:16  SCV  
  22  2:21  Refinery  
  23  2:25  Factory  
  23  2:28  SCV  
  24  2:38  Barracks Reactor  
  24  2:40  SCV  
  25  2:46  Refinery  
  25  2:52  SCV  
  26  3:02  Orbital Command  
  26  3:04  SCV  
  29  3:12  Starport  
  29  3:15  Marine  
  29  3:16  SCV  
  29  3:17  Marine  
  32  3:20  Starport  
  32  3:21  Factory Tech Lab  
  30  3:28  SCV x2  
  30  3:33  Marine  
  33  3:35  Marine  
  33  3:40  SCV  
  33  3:41  SCV, Cyclone  
  39  3:48  Supply Depot  
  39  3:51  Marine  
  39  3:52  SCV  
  39  3:53  SCV, Marine  
  43  3:59  Supply Depot, Starport Tech Lab  
  43  4:04  SCV  
  43  4:05  SCV  
  45  4:13  Siege Tank  
  45  4:17  SCV x2  
  49  4:18  Raven  
  49  4:19  Marine x2  
  35  4:41  SCV  
  35  4:43  SCV  
  30  4:55  Siege Tank  
  31  5:01  SCV  
  31  5:04  Marine  
Show
View Real Time Build Order
Export as new Build Order

Future Terran - Winner!

Build Orders: Gas First Reaper Expand, Liberator Opening 

Get SALT Encoding   

  12  0:00  SCV  
  13  0:12  SCV  
  14  0:17  Supply Depot  
  14  0:25  SCV  
  14  0:27  Refinery  
  15  0:39  SCV  
  16  0:44  Barracks  
  16  0:51  SCV  
  17  1:03  SCV  
  18  1:15  SCV  
  19  1:32  Reaper, Orbital Command  
  20  1:47  Command Center  
  20  1:58  Factory  
  20  2:02  SCV  
  20  2:05  Barracks Reactor  
  21  2:14  SCV  
  21  2:15  Refinery  
  22  2:26  SCV  
  22  2:27  Supply Depot  
  23  2:47  Starport  
  23  2:49  SCV  
  24  2:53  Hellion  
  24  2:56  Hellion  
  28  3:01  SCV  
  28  3:08  Orbital Command  
  27  3:17  Hellion  
  27  3:18  Hellion  
  31  3:25  Liberator  
  34  3:29  SCV  
  35  3:36  SCV  
  35  3:39  Hellion  
  38  3:42  Hellion  
  38  3:46  Supply Depot  
  40  3:49  SCV x2  
  42  4:01  SCV x2  
  44  4:08  Liberator  
  47  4:10  Marine x2  
  47  4:11  Factory Tech Lab  
  47  4:13  SCV x2  
  47  4:14  Supply Depot  
  51  4:20  Supply Depot  
  51  4:25  SCV x2  
  51  4:28  Marine  
  54  4:34  Marine  
  54  4:37  SCV  
  54  4:38  Siege Tank  
  55  4:41  SCV  
  52  4:46  Marine  
  52  4:49  SCV  
  52  4:52  Marine  
  51  4:53  SCV  
  51  4:57  Starport Tech Lab  
  52  5:01  SCV  
  52  5:03  Command Center  
  52  5:04  Marine  
  52  5:05  SCV  
  55  5:10  Marine  
  55  5:13  SCV  
  60  5:15  Supply Depot  
Tags
 
Add a new tag
Caveats
  • Supply blocks, unpowered buildings, or Contaminate may cause inaccurate times.
  • Supply counts are checked every 10 seconds.